 Dungeon Crawl Stone Soup version 0.29-a0-451-gfbfa42419e (webtiles) character file.

Game seed: 6794572941624898436

56 acebull12 the Sneak (level 4, 0/27 HPs)
             Began as a Kobold Brigand on May 19, 2022.
             Slain by a goblin
             ... wielding a +0 club
              (4 damage)
             ... on level 1 of the Dungeon.
             The game lasted 00:02:29 (1925 turns).

acebull12 the Sneak (Kobold Brigand)                Turns: 1925, Time: 00:02:30

Health: 0/27       AC:  3    Str: 10    XL:     4   Next: 15%
Magic:  4/4        EV: 14    Int: 12    God:
Gold:   29         SH:  0    Dex: 16    Spells: 3/3 levels left

rFire   . . .      SeeInvis .   a - +2 dagger
rCold   . . .      Faith    .   (no shield)
rNeg    . . .      Spirit   .   b - +0 robe
rPois   .          Reflect  .   (no helmet)
rElec   .          Harm     .   c - +0 cloak
rCorr   .          Rampage  .   (no gloves)
Will    .....                   (no boots)
Stlth   ++++......              (no amulet)
HPRegen 0.09/turn               (no ring)
MPRegen 0.09/turn               (no ring)

@: no status effects
A: small, no large weapons, nightstalker 3
a: no special abilities


You were on level 1 of the Dungeon.
You visited 1 branch of the dungeon, and saw 2 of its levels.

You collected 29 gold pieces.

Inventory:

Hand Weapons
 a - a +2 dagger (weapon)
Missiles
 d - 9 poisoned darts (quivered)
 e - 3 curare-tipped darts
Armour
 b - a +0 robe (worn)
 c - a +0 cloak (worn)
Scrolls
 f - a scroll of acquirement {unknown}
 g - a scroll of poison {unknown}
 i - a scroll of magic mapping {unknown}
 k - 2 scrolls of identify {unknown}
Potions
 h - a potion of flight {unknown}
 j - a potion of heal wounds {unknown}


   Skills:
 * Level 2.8 Fighting
 * Level 3.7 Short Blades
 + Level 2.3 Throwing
 + Level 1.5 Dodging
 * Level 6.3 Stealth


You had 3 spell levels left.
You didn't know any spells.
Your spell library was empty.

Dungeon Overview and Level Annotations

Branches:
Dungeon (2/15)

Altars:


Innate Abilities, Weirdness & Mutations

You are small and have problems with some larger weapons.
You are completely attuned to the shadows.


Message History

You kill the kobold!
No target in view!
A worm comes into view.
A goblin comes into view. It is wielding a +0 dagger.
The worm bites you.
You hit the worm but do no damage. You hit the worm but do no damage.
The worm bites you!
You hit the worm.
The worm is lightly wounded.
You hit the worm but do no damage.
The worm is lightly wounded.
The worm bites you!
* * * LOW HITPOINT WARNING * * *
The goblin hits you with a +0 dagger.
* * * LOW HITPOINT WARNING * * *
A goblin comes into view. It is wielding a +0 club.
The goblin shouts!
The goblin attacks as you move away! The goblin hits you with a +0 dagger.
* * * LOW HITPOINT WARNING * * *
The goblin attacks as you move away! The goblin hits you but does no damage.
The goblin attacks as you move away! The goblin misses you.
You see here a +0 dagger.
Found a leather armour.
You see here a +0 leather armour.
The goblin attacks as you move away! The goblin misses you.
The goblin attacks as you move away! The goblin closely misses you.
There is a stone staircase leading up here.
The goblin hits you but does no damage.
You climb upwards.
There is a stone staircase leading down here.
You hit the goblin but do no damage. The goblin closely misses you.
You hit the goblin but do no damage. The goblin hits you with a +0 club.
* * * LOW HITPOINT WARNING * * *
You miss the goblin. The goblin completely misses you.
The goblin attacks as you move away! The goblin hits you with a +0 club.
* * * LOW HITPOINT WARNING * * *
You closely miss the goblin. You barely miss the goblin.
The goblin closely misses you.
You barely miss the goblin. The goblin hits you with a +0 club.
You die...

..##.####.#.##.##.# #.# #.......
..##.# #.#.##....# #.# ##...####
####.## #.#.##.##.# #.###...).##
#....# #.#.##.##.###.##.......##
##....###.#.##.#...##.#.........#
......................'.........'
##........####.#...####.[.......#
###.#.########.##.## ##.......##
#.....÷...#.....@g.# ##.....##
#.###.###.#.##.###.# ##...## #.#
#.# #.#.##.# #.# ##'## #.###.#
#.#.##.###.# #.# #..†..#
#.#........# #.# #..####
#.####.##### ##.### #..#
#.####.### ####....###
#..######.##.....# #...†......
#.........##.#.#.######.#.....###


You could see a goblin.

Vanquished Creatures
  A worm (D:2)
  A dart slug (D:1)
  5 bats
  3 endoplasms
  2 giant cockroaches (D:1)
  7 goblins
  3 hobgoblins (D:1)
  6 jackals (D:1)
  A kobold (D:2)
  3 quokkas (D:1)
  4 ball pythons
  A frilled lizard (D:1)
  7 rats
44 creatures vanquished.

Notes
Turn   | Place    | Note
-------+----------+-------------------------------------------
     0 | D:1      | acebull12 the Kobold Brigand began the quest for the Orb.
     0 | D:1      | Reached XP level 1. HP: 12/12 MP: 1/1
   135 | D:1      | Reached XP level 2. HP: 18/18 MP: 2/2
   353 | D:1      | Reached XP level 3. HP: 8/22 MP: 3/3
  1123 | D:1      | Reached skill level 6 in Stealth
  1203 | D:1      | Found a faded altar of an unknown god.
  1481 | D:2      | Reached XP level 4. HP: 7/27 MP: 4/4
  1925 | D:1      | Slain by a goblin

Illustrated notes

Levels and vault maps discovered:
D:1:      dpeg_arrival_houses_and_road, layout_loops_corners,
          shapermc_ecumenical_altar_pompeii, chequers_arboretum
D:2:      layout_loops_cross, minmay_stone_trees_medium

Skill      XL: |  1  2  3 |
---------------+----------+-----
Short Blades   | 3 |  3.7
Stealth        | 6 |  6.3
Fighting       | |  2.8
Throwing       | |  2.3
Dodging        | |  1.5

Action                   |  1- 3 |  4- 6 || total
-------------------------+-------+-------++-------
Melee: Dagger            |   124 |    21 ||   145
       Punch             |     2 |       ||     2
 Stab: Sleeping          |    20 |     3 ||    23
Armor: Robe              |    13 |     3 ||    16
Dodge: Dodged            |    69 |    10 ||    79

Table legend: (Time is in decaauts)
 A = Elapsed time spent in this place.
 B = Non-inter-level travel time spent in this place.
 C = Inter-level travel time spent in this place.
 D = Time resting spent in this place.
 E = Time spent auto-exploring this place.
 F = Levels seen in this place.
 G = Mean time per level.
                   A        B        C        D        E       F      G
               +--------+--------+--------+--------+--------+-----+--------+
         Total |   1901 |   1896 |      5 |    574 |   1047 |   2 |  950.5 |
       Dungeon |   1901 |   1896 |      5 |    574 |   1047 |   2 |  950.5 |
               +--------+--------+--------+--------+--------+-----+--------+

Top non-repeatable levels by time:
     D:1: 1430 daAuts
     D:2: 470 daAuts
